 Dungeon Crawl Stone Soup version 0.25.0-1-g7eea58d (webtiles) character file.

Game seed: 7870051505151704823

3574 Fortress the Thaumaturge (level 9, -3/72 HPs)
             Began as a Pale Draconian Conjurer on June 14, 2020.
             Was a Believer of Vehumet.
             Slain by an orc warrior
             ... wielding a +0 war axe
              (14 damage)
             ... in a bailey.
             The game lasted 00:36:50 (10128 turns).

Fortress the Thaumaturge (Pale Draconian Conjurer) Turns: 10128, Time: 00:36:51

Health: -3/72      AC: 16    Str: 11    XL:     9   Next: 84%
Magic:  1/22       EV: 12    Int: 29    God:    Vehumet [**....]
Gold:   519        SH:  0    Dex: 11    Spells: 21/27 levels left

rFire    . . .     SeeInvis +   u - +2 mace of Wunuecre {protect, Int+4}
rCold    . . .     Gourm    .   (no shield)
rNeg     . . .     Faith    .   (armour unavailable)
rPois    .         Spirit   .   (helmet restricted)
rElec    .         Reflect  .   (no cloak)
rCorr    .         Harm     .   e - +1 pair of gloves
MR       .....                  (no boots)
Stlth    ++........             w - amulet of regeneration
HPRegen  0.62/turn              c - ring of see invisible
MPRegen  0.18/turn              C - +6 ring of intelligence

@: protection aura, stab
A: breathe steam, unfitting armour, cold-blooded, AC +7
a: Breathe Steam, Renounce Religion


You were in a bailey.
You worshipped Vehumet.
Vehumet was pleased with you.
You were very hungry.

You visited 2 branches of the dungeon, and saw 9 of its levels.
You also visited: Bailey.

You collected 519 gold pieces.

Inventory:

Hand Weapons
 f - a +0 dagger
 g - a +2 mace of protection
 n - a +4 short sword of flaming
 u - the +2 mace of Wunuecre (weapon) {protect, Int+4}
   (You found it on level 5 of the Dungeon)

   It grants its wielder temporary protection when it strikes (+7 to AC).
   It affects your intelligence (+4).
 G - a +0 war axe of venom
Missiles
 a - 43 poisoned darts (quivered)
 F - 2 atropa-tipped darts
Armour
 e - a +1 pair of gloves (worn)
Jewellery
 c - a ring of see invisible (left hand)
 p - an uncursed ring of protection from fire
 w - an amulet of regeneration (around neck)
 C - a +6 ring of intelligence (right hand)
Wands
 s - a wand of flame (11)
 x - a wand of iceblast (10)
 y - a wand of enslavement (7)
 B - a wand of digging (10)
 D - a wand of polymorph (6)
Scrolls
 d - 2 scrolls of identify
 i - 4 scrolls of teleportation
 j - 4 scrolls of remove curse
 o - a scroll of fog
 r - 2 scrolls of enchant armour
 v - 2 scrolls of immolation
Potions
 h - 2 potions of brilliance
 k - 2 potions of might
 l - a potion of lignification
 t - 2 potions of mutation {unknown}
 z - a potion of magic {unknown}
 E - 3 potions of stabbing
Comestibles
 b - 12 rations


   Skills:
 * Level 4.3 Fighting
 - Level 1.1 Maces & Flails
 - Level 2.1 Dodging
 - Level 2.0 Stealth
 - Level 0.2 Unarmed Combat
 + Level 9.9 Spellcasting
 - Level 9.0 Conjurations
 + Level 0.2 Hexes


You had 21 spell levels left.
You knew the following spells:

 Your Spells              Type           Power        Failure   Level  Hunger
a - Magic Dart            Conj           ####         1%          1    None
b - Searing Ray           Conj           ######       1%          2    None
c - Dazzling Flash        Conj/Hex       #####.       1%          3    None

Your spell library contained the following spells:

 Spells                   Type           Power        Failure   Level  Hunger
 Freeze                   Ice            ##..         3%          1    None
 Fulminant Prism          Conj/Hex       #####.....   5%          4    None
 Iskenderun's Mystic Bla  Conj/Tloc      #####...     6%          4    None


Dungeon Overview and Level Annotations

Branches:
Dungeon (8/15)             Temple (1/1) D:4          Bailey (1/1)
   Lair: D:8-11

Altars:
Ashenzari
Cheibriados
Dithmenos
Elyvilon
Fedhas
Gozag
Hepliaklqana
Makhleb
Nemelex Xobeh
Okawaru
Qazlal
Ru
Sif Muna
Trog
Uskayaw
Vehumet
Xom
Yredelemnul
Zin
The Shining One

Shops:
D:4 (


Innate Abilities, Weirdness & Mutations

You can breathe blasts of scalding, opaque steam.
Your pale cyan-grey scales are hard. (AC +7)
You cannot fit into any form of body armour.
You are cold-blooded and may be slowed by cold attacks.


Message History

The orc warrior is heavily wounded.
The searing ray hits the gnoll.
The gnoll is moderately wounded.
You feel less wooden.
Your +1 pair of gloves unmelds from your body.
You feel better. The orc warrior barely misses you.
You hit the orc warrior.
Your weapon exudes an aura of protection.
Your tail-slap misses the orc warrior.
The orc warrior is almost dead.
The orc warrior misses you.
You hit the orc warrior but do no damage.
The orc warrior is almost dead.
The orc warrior hits you with a +0 war axe.
* * * LOW HITPOINT WARNING * * *
You hit the orc warrior.
You tail-slap the orc warrior, but do no damage.
The orc warrior is almost dead.
The orc warrior hits you with a +0 war axe!
You die... .#...#. ..8.. ).. ##'## #...# #ggo# #gog#

######o######
#...(≈@≈....#
#'###≈.≈###'#
#....≈.≈....#
#'###≈.≈###'#
#^...≈.≈....#
#'###≈.≈###'#
#...(≈.≈(...#
#'###≈.≈###'#
#...(≈.≈....#


You could see 3 orc warriors, a gnoll, a hobgoblin and 2 goblins.

Vanquished Creatures
  An orc knight (Bailey)
  A hippogriff (D:8)
  Sigmund (D:5)
  Duvessa (D:5)
  3 orc warriors
  A sky beast (D:4)
  An ice beast (D:7)
  3 phantoms
  4 ogres
  A big kobold (D:4)
  A bullfrog (D:6)
  Dowan (D:4)
  4 scorpions
  5 wights (D:7)
  A howler monkey (D:4)
  2 crimson imps
  2 orc priests
  3 hounds
  3 jellies
  2 orc wizards (D:8)
  An iguana (D:7)
  5 worker ants
  Natasha (D:4)
  A worker ant zombie (D:6)
  17 gnolls
  10 adders
  2 shadow imps
  An ooze (D:7)
  3 worms
  2 adder zombies (D:5)
  2 dart slugs
  3 leopard geckos
  22 orcs
  A ball python (D:1)
  7 bats
  4 giant cockroaches
  10 goblins
  15 hobgoblins
  3 jackals (D:2)
  23 kobolds
  4 quokkas
  5 frilled lizards
  A jackal skeleton (D:7)
  2 quokka skeletons
  10 rats
196 creatures vanquished.

Notes
Turn   | Place    | Note
-------+----------+-------------------------------------------
     0 | D:1      | Fortress the Draconian Conjurer began the quest for the
                  | Orb.
     0 | D:1      | Reached XP level 1. HP: 14/14 MP: 3/3
   198 | D:1      | Reached XP level 2. HP: 7/20 MP: 0/5
  1401 | D:1      | Reached XP level 3. HP: 26/26 MP: 4/6
  1725 | D:2      | Found a shattered altar of Ashenzari.
  1987 | D:2      | Reached XP level 4. HP: 9/33 MP: 1/8
  2316 | D:2      | Reached skill level 5 in Conjurations
  2803 | D:2      | Learned a level 2 spell: Searing Ray
  3152 | D:3      | Reached skill level 1 in Maces & Flails
  4167 | D:3      | Reached XP level 5. HP: 38/38 MP: 3/9
  4431 | D:4      | Found a glowing silver altar of Zin.
  4531 | D:4      | Noticed a sky beast
  4542 | D:4      | Killed a sky beast
  4673 | D:4      | Reached XP level 6. HP: 38/45 MP: 4/12
  4806 | D:4      | Found Meku's Weapon Boutique.
  4839 | D:4      | Noticed Natasha
  4844 | D:4      | Killed Natasha
  5026 | D:4      | Your scales start taking on a pale cyan-grey colour.
  5026 | D:4      | Reached XP level 7. HP: 50/50 MP: 8/14
  5168 | D:4      | Found a staircase to the Ecumenical Temple.
  5175 | Temple   | Entered the Ecumenical Temple
  5331 | Temple   | Became a worshipper of Vehumet
  5494 | D:5      | Entered Level 5 of the Dungeon
  5494 | D:5      | Noticed Duvessa
  5494 | D:5      | Noticed Dowan
  5504 | D:4      | Reached skill level 5 in Spellcasting
  5668 | D:5      | Killed Duvessa
  5677 | D:4      | Killed Dowan
  6020 | D:5      | Found a shadowy altar of Dithmenos.
  6050 | D:5      | Noticed Sigmund
  6058 | D:5      | Killed Sigmund
  6421 | D:5      | Got a polished mace
  6422 | D:5      | Identified the cursed +2 mace of Wunuecre {protect, Int+4}
                  | (You found it on level 5 of the Dungeon)
  6540 | D:5      | Reached XP level 8. HP: 53/57 MP: 11/17
  7919 | D:6      | Found an iron altar of Okawaru.
  8101 | D:7      | Reached * piety under Vehumet
  8101 | D:7      | Offered knowledge of Sandblast by Vehumet.
  8859 | D:7      | Found a shimmering altar of Xom.
  9227 | D:7      | Reached XP level 9. HP: 57/62 MP: 14/20
  9378 | D:7      | Reached skill level 1 in Fighting
  9909 | D:8      | Found a flagged portal.
  9931 | Bailey   | Entered a bailey
  9948 | Bailey   | Reached ** piety under Vehumet
  9951 | Bailey   | Offered knowledge of Freeze by Vehumet.
  9960 | Bailey   | Learned a level 3 spell: Dazzling Flash
 10070 | Bailey   | Noticed an orc knight
 10111 | Bailey   | Killed an orc knight
 10112 | Bailey   | HP: 5/108 [orc warrior/+0 war axe (12)]
 10120 | Bailey   | HP: 1/108 [orc warrior/+0 war axe (12)]
 10128 | Bailey   | Slain by an orc warrior

Illustrated notes

Levels and vault maps discovered:
D:1:      minmay_arrival_doors, layout_basic, minmay_misc_feat_room
D:2:      layout_loops_cross, old_standard_altar
D:3:      minmay_inner_zag, layout_basic, first_ration, hex_tiny
D:4:      layout_rooms, lemuel_crystal_altar, temple_green, serial_shops, shop,
          uniq_natasha
D:5:      layout_basic, lemuel_crystal_altar, uniq_sigmund, uniq_duvessa
D:6:      layout_loops_cross, lemuel_coloured_pillars_altar
D:7:      layout_gridville, tgw_xom
D:8:      layout_basic, marbit_many_paths, enter_bailey_7
Temple:   regret_index_temple_generic_petals
Bailey:   bailey_axe_1, bailey

Skill      XL: |  1  2  3  4  5  6  7  8  9 |
---------------+----------------------------+-----
Dodging        | 2 |  2.1
Stealth        | 2 |  2.0
Conjurations   | 5 6 7 9 |  9.0
Maces & Flails | 1 |  1.1
Spellcasting   | 3 4 6 7 9 |  9.9
Fighting       | 4 |  4.3
Unarmed Combat | |  0.2
Hexes          | |  0.2

Action                   |  1- 3 |  4- 6 |  7- 9 || total
-------------------------+-------+-------+-------++-------
Melee: Unarmed           |    13 |       |       ||    13
       Mace              |    24 |    30 |    55 ||   109
       Tailslap          |     3 |     3 |     1 ||     7
 Cast: Magic Dart        |    74 |   127 |   235 ||   436
       Searing Ray       |       |     3 |    45 ||    48
       Dazzling Flash    |       |       |     1 ||     1
  Use: Scroll            |       |     4 |     8 ||    12
       Potion            |       |       |     9 ||     9
  Eat: Chunk             |     4 |    10 |     4 ||    18
       Ration            |       |       |     3 ||     3
Armor: Skin              |    20 |    12 |    63 ||    95
Dodge: Dodged            |    39 |    35 |    79 ||   153
